 Dungeon Crawl Stone Soup version 0.23.2-33-g5129a83184 (webtiles) character file.

Game seed: 8094649239558947034

5769 myga the Grappler (level 10, -3/94 HPs)
             Began as a Troll Monk on July 4, 2019.
             Was a Believer of Okawaru.
             Slain by a killer bee (4 damage)
             ... on level 8 of the Dungeon.
             The game lasted 00:43:07 (6517 turns).

myga the Grappler (Troll Monk)                      Turns: 6517, Time: 00:43:08

Health: -3/94      AC: 10    Str: 24    XL:     10   Next: 49%
Magic:  9/9        EV: 14    Int:  6    God:    Okawaru [**....]
Gold:   415        SH:  0    Dex: 19    Spells: 9/9 levels left

rFire    . . .     SeeInvis +     - Unarmed
rCold    + . .     Gourm    +   (no shield)
rNeg     . . .     Faith    .   A - +2 robe {MR+}
rPois    .         Spirit   .   (helmet restricted)
rElec    .         Reflect  .   (no cloak)
rCorr    .         Harm     .   (gloves unavailable)
MR       +....                  (boots unavailable)
Stlth    +++.......             (no amulet)
HPRegen  0.65/turn              G - ring "Lagoigazo" {rC+ Str+3 Slay+2 SInv}
MPRegen  0.11/turn              f - +4 ring of dexterity

@: lethally poisoned (-3 -> -14)
A: large, unfitting armour, claws 3, thin metallic scales 1, fast metabolism 3,
gourmand, regeneration 1, shaggy fur 1, tough skin 3, MP-powered wands
a: Heroism, Renounce Religion


You were on level 8 of the Dungeon.
You worshipped Okawaru.
Okawaru was pleased with you.
You were full.

You visited 2 branches of the dungeon, and saw 9 of its levels.

You collected 415 gold pieces.

Inventory:

Hand Weapons
 q - a +1 whip of freezing
 z - a +0 giant club
Missiles
 c - 247 stones (quivered)
 s - 11 tomahawks
 B - 5 throwing nets
Armour
 A - a +2 robe of magic resistance (worn)
Jewellery
 a - an uncursed ring of wizardry
 f - a +4 ring of dexterity (right claw)
 g - an uncursed ring of protection from magic
 G - the ring "Lagoigazo" (left claw) {rC+ Str+3 Slay+2 SInv}
   (You found it on level 6 of the Dungeon)

   [ring of see invisible]

   It affects your strength (+3).
   It affects your accuracy and damage with ranged weapons and melee attacks
   (+2).
   It protects you from cold.
   It lets you see invisible.
Wands
 j - a wand of random effects (33)
 t - a wand of enslavement (6)
 v - a wand of iceblast (13)
 y - a wand of disintegration (13)
 C - a wand of paralysis (8)
 H - a wand of polymorph (11)
Scrolls
 e - a scroll of fog
 h - 7 scrolls of teleportation
 i - 2 scrolls of magic mapping
 k - a scroll of amnesia
 r - a scroll of brand weapon {unknown}
 u - a scroll of immolation {unknown}
 w - 4 scrolls of remove curse
Potions
 d - 2 potions of mutation
 l - 2 potions of curing
 m - a potion of agility
 n - 2 potions of might
 o - 2 potions of heal wounds
 p - a potion of flight
 x - a potion of brilliance
 D - a potion of resistance
 E - a potion of ambrosia
 F - a potion of haste
Comestibles
 b - 17 rations
 I - 16 chunks of flesh


   Skills:
 + Level 4.3 Fighting
 + Level 0.3 Maces & Flails
 + Level 2.2 Throwing
 + Level 6.4 Dodging
 + Level 3.3 Stealth
 + Level 12.1 Unarmed Combat
 + Level 0.1 Invocations
 + Level 0.3 Evocations


You had 9 spell levels left.
You didn't know any spells.
Your spell library contained the following spells:

 Spells                   Type           Power        Failure   Level  Hunger
 Animate Skeleton         Necr           N/A          45%         1    ##.....
 Apportation              Tloc           #.....       45%         1    ##.....
 Confusing Touch          Hex            #.....       45%         1    ##.....
 Sting                    Conj/Pois      #...         45%         1    ##.....
 Summon Small Mammal      Summ           #...         45%         1    ##.....
 Poisonous Vapours        Pois/Air       #.....       58%         2    ###....
 Mephitic Cloud           Conj/Pois/Air  #.......     83%         3    ####...
 Olgreb's Toxic Radiance  Pois           #.......     99%         4    #####..
 Venom Bolt               Conj/Pois      #.........   100%        5    ######.


Dungeon Overview and Level Annotations

Branches:
Dungeon (8/15)             Temple (1/1) D:7
   Lair: D:8-11

Altars:
Ashenzari
Cheibriados
Dithmenos
Elyvilon
Fedhas
Gozag
Hepliaklqana
Kikubaaqudgha
Makhleb
Nemelex Xobeh
Okawaru
Qazlal
Ru
Sif Muna
Trog
Uskayaw
Vehumet
Wu Jian
Xom
Yredelemnul
Zin
The Shining One


Innate Abilities, Weirdness & Mutations

You are too large for most types of armour.
You have claws for hands.
Your metabolism is lightning-fast.
You like to eat raw meat.
Your natural rate of healing is unusually fast.
You are covered in fur. (AC +1)
You have extremely tough skin. (AC +3)
You are partially covered in thin metallic scales. (AC +2)
You expend magic power (3 MP) to strengthen your wands.


Message History

You mangle the killer bee!!
You kill the killer bee!
Okawaru accepts your kill.
You feel sick. The killer bee stings you.
* * * LOW HITPOINT WARNING * * *
The killer bee stings you.
* * * LOW HITPOINT WARNING * * *
You are more poisoned.
The killer bee poisons you!
You feel sick. The killer bee stings you.
* * * LOW HITPOINT WARNING * * *
You are lethally poisoned!
The killer bee poisons you! The killer bee stings you!
* * * LOW HITPOINT WARNING * * *
You see here a killer bee corpse.
* * * LOW HITPOINT WARNING * * *
You feel very sick. The killer bee misses you.
The killer bee barely misses you. The killer bee stings you.
You die...

#.###.r....#..###............#
....#>.....##................#
#......... .................
#.......# .##.........##.
#.#....#####.........##
###.....%##.###......###
#........r<.###.#...##
........##.#y##......#
.........###.@.......#
..........##y...#..###
......#...#.....####
y....##...÷....##
......#..##.##).##
.#.......###.#...###
###......÷†......#.##
.......................#
.....#............†....#


You could see 2 killer bees and a quokka.

Vanquished Creatures
  Harold (D:7)
  A two-headed ogre (D:8)
  Pikel (D:7)
  The ghost of psyvane the Basher, a novice MiBe of Trog (D:6)
  Prince Ribbit (D:6)
  Grinder (D:3)
  A hippogriff (D:8)
  An orc warrior (D:6)
  2 ice beasts
  A sky beast (D:7)
  A slave (D:7)
  3 ogres
  A centaur (D:8)
  A gnoll sergeant (D:8)
  3 bullfrogs (D:6)
  A wyvern skeleton (D:7)
  A scorpion (D:4)
  9 killer bees (D:8)
  4 wights (D:8)
  2 howler monkeys (D:8)
  3 crimson imps
  A bullfrog zombie (D:5)
  A quasit (D:7)
  4 hounds
  3 orc priests (D:6)
  A gnoll shaman (D:5)
  An orc wizard (D:7)
  3 centaur skeletons
  5 iguanas
  Ijyb (D:3)
  Terence (D:3)
  5 worker ants
  3 hound skeletons
  Robin (D:3)
  17 gnolls
  A howler monkey skeleton (D:5)
  8 adders
  2 shadow imps
  An ooze (D:4)
  3 adder skeletons (D:4)
  7 worms
  A dart slug (D:2)
  5 leopard geckos
  14 orcs
  3 giant cockroaches
  17 goblins
  14 hobgoblins
  12 jackals
  4 quokkas
  6 bats
  5 frilled lizards
  A jackal zombie (D:6)
  11 kobolds
  3 leopard gecko skeletons
  12 rats
217 creatures vanquished.

Vanquished Creatures (others)
  3 toadstools (D:1)
3 creatures vanquished.

Grand Total: 220 creatures vanquished

Notes
Turn   | Place    | Note
-------+----------+-------------------------------------------
     0 | D:1      | myga the Troll Monk began the quest for the Orb.
     0 | D:1      | Reached XP level 1. HP: 22/22 MP: 0/0
   146 | D:1      | Reached XP level 2. HP: 28/29 MP: 1/1
   504 | D:1      | Reached XP level 3. HP: 36/36 MP: 2/2
   697 | D:1      | Gained mutation: You expend magic power (3 MP) to
                  | strengthen your wands. [potion of mutation]
   697 | D:1      | Gained mutation: You are partially covered in thin metallic
                  | scales. (AC +2) [potion of mutation]
   992 | D:2      | Reached skill level 4 in Unarmed Combat
  1081 | D:2      | Reached XP level 4. HP: 41/44 MP: 3/3
  1375 | D:2      | Found a blossoming altar of Fedhas.
  1406 | D:2      | Reached XP level 5. HP: 52/52 MP: 4/4
  1815 | D:3      | Noticed Terence
  1822 | D:3      | Killed Terence
  1822 | D:3      | Reached skill level 5 in Unarmed Combat
  1835 | D:3      | Noticed Robin
  1910 | D:3      | Killed Robin
  1975 | D:3      | Found a deep blue altar of Sif Muna.
  2128 | D:3      | Noticed Ijyb
  2128 | D:3      | Noticed Grinder
  2132 | D:3      | Paralysed by Grinder for 4 turns
  2148 | D:3      | Killed Ijyb
  2148 | D:3      | Reached XP level 6. HP: 55/59 MP: 2/5
  2150 | D:3      | Paralysed by Grinder for 3 turns
  2159 | D:3      | Killed Grinder
  2159 | D:3      | Reached skill level 6 in Unarmed Combat
  2197 | D:3      | Found an ancient bone altar of Kikubaaqudgha.
  2679 | D:4      | Reached XP level 7. HP: 67/67 MP: 6/6
  3117 | D:4      | Reached skill level 1 in Throwing
  3239 | D:5      | Entered Level 5 of the Dungeon
  3397 | D:5      | Found an ornate altar of the Wu Jian Council.
  3440 | D:5      | Reached skill level 7 in Unarmed Combat
  3863 | D:6      | Reached XP level 8. HP: 68/75 MP: 7/7
  3879 | D:6      | Reached skill level 8 in Unarmed Combat
  4148 | D:6      | Noticed Prince Ribbit
  4181 | D:6      | Found a transporter.
  4181 | D:6      | Noticed psyvane's ghost (novice MiBe)
  4185 | D:6      | Found a transporter.
  4412 | D:6      | Got a steaming lapis lazuli ring
  4418 | D:6      | Identified the ring "Lagoigazo" {rC+ Str+3 Slay+2 SInv}
                  | (You found it on level 6 of the Dungeon)
  4606 | D:6      | Killed Prince Ribbit
  4606 | D:6      | Reached skill level 9 in Unarmed Combat
  4749 | D:6      | Killed psyvane's ghost
  4749 | D:6      | Reached skill level 5 in Dodging
  4749 | D:6      | Reached XP level 9. HP: 73/84 MP: 8/8
  4904 | D:7      | Noticed Pikel
  4920 | D:7      | Killed Pikel
  4920 | D:7      | Reached skill level 10 in Unarmed Combat
  5377 | D:7      | Noticed Harold
  5393 | D:7      | Killed Harold
  5393 | D:7      | Reached skill level 11 in Unarmed Combat
  5393 | D:7      | Reached XP level 10. HP: 37/92 MP: 9/9
  5510 | D:7      | Found a hazy altar of Hepliaklqana.
  5566 | D:7      | Found a staircase to the Ecumenical Temple.
  5572 | Temple   | Entered the Ecumenical Temple
  5863 | Temple   | Became a worshipper of Warmaster Okawaru
  5863 | Temple   | Reached * piety under Okawaru
  5863 | Temple   | Reached ** piety under Okawaru
  6482 | D:8      | Noticed a two-headed ogre
  6497 | D:8      | Killed a two-headed ogre
  6497 | D:8      | Reached skill level 12 in Unarmed Combat
  6516 | D:8      | HP: 4/94 [killer bee (9)]
  6517 | D:8      | HP: 1/94 [poisoned by a killer bee]
  6517 | D:8      | Slain by a killer bee

Skill      XL: |  1  2  3  4  5  6  7  8  9 10 |
---------------+-------------------------------+-----
Unarmed Combat | 4 5 6 7 9 11 12 | 12.1
Dodging        | 3 4 5 6 |  6.4
Fighting       | 3 4 |  4.3
Throwing       | 1 2 |  2.2
Stealth        | 2 3 |  3.3
Maces & Flails | |  0.3
Invocations    | |  0.1
Evocations     | |  0.3

Action                   |  1- 3 |  4- 6 |  7- 9 | 10-12 || total
-------------------------+-------+-------+-------+-------++-------
Melee: Unarmed           |   123 |   188 |   239 |    99 ||   649
       Punch             |     1 |     3 |    11 |     8 ||    23
       Giant club        |       |       |     1 |       ||     1
Throw: Stone             |    13 |    10 |     3 |     2 ||    28
       Tomahawk          |       |     3 |     3 |       ||     6
Invok: Heroism           |       |       |       |     2 ||     2
Evoke: Wand              |       |     1 |     2 |       ||     3
  Use: Scroll            |     5 |     5 |     5 |       ||    15
       Potion            |     1 |     1 |     2 |       ||     4
 Stab: Sleeping          |     2 |     4 |     6 |     1 ||    13
       Distracted        |     1 |       |       |     1 ||     2
  Eat: Chunk             |    15 |    14 |    26 |    11 ||    66
Armor: Robe              |    52 |    58 |    54 |    32 ||   196
Dodge: Dodged            |    75 |    69 |   127 |    89 ||   360
